AoeStats
← AoEE.dvdv

Oasis

510056480Analyzed
2v2 RM · 3d ago on Sep 29, 2026· 80m 48s· 4 players
Game mode
Random Map
Map size
Medium (4 player)
Population
200
Speed
Normal
Resources
Standard
Victory
Conquest
Starting age
Dark Age
Ending age
Imperial Age
RankedLock teamsTeams togetherTeam positionsShared explorationLock speedFull tech treeHidden civsTurbo modeCheats
Victory
Defeat
🇲🇽 Romans · Mexico
1067
+18
🇺🇸 Khmer · United States
1062
+19
🇪🇪 Britons · Estonia
1208
-22
🇪🇪 Lithuanians · Estonia
1033
-15
RR.Gohan
7:14 Loom
9:44 Feudal Age
15:20 Castle Age
17:56 Double-Bit Axe
19:06 Man-at-Arms
20:35 Scale Mail Armor
20:44 Squires
21:31 Pikeman
21:32 Long Swordsman
23:37 Scale Barding Armor
27:00 Chain Mail Armor
27:30 Forging
29:18 Iron Casting
40:23 Imperial Age
43:32 Legionary
46:47 Halberdier
51:01 Blast Furnace
52:01 Conscription
52:32 Wheelbarrow
51:55 Stone Mining
51:55 Gold Mining
55:40 Chain Barding Armor
55:35 Ballistas
65:53 Plate Barding Armor
65:43 Elite Centurion
68:21 Comitatenses
Taylor
7:23 Loom
9:55 Feudal Age
12:10 Double-Bit Axe
22:28 Castle Age
34:36 Ballistics
39:26 Imperial Age
40:55 Bow Saw
41:41 Wheelbarrow
42:27 Chemistry
45:41 Hand Cart
45:06 Elite Ballista Elephant
48:51 Conscription
48:30 Horse Collar
48:54 Gold Mining
49:34 Caravan
51:22 Double Crossbow
52:20 Forging
54:59 Town Watch
59:37 Pikeman
60:57 Iron Casting
63:18 Blast Furnace
61:57 Halberdier
62:56 Scale Mail Armor
64:01 Light Cavalry
67:02 Scale Barding Armor
68:27 Husbandry
72:46 Hussar
73:53 Chain Barding Armor
76:29 Plate Barding Armor
AoEE.Karhanin
6:53 Loom
9:18 Feudal Age
10:22 Double-Bit Axe
13:58 Fletching
13:58 Horse Collar
20:23 Castle Age
18:54 Gold Mining
19:44 Stone Mining
21:14 Bow Saw
21:12 Heavy Plow
24:42 Wheelbarrow
25:03 Fervor
27:23 Bodkin Arrow
28:11 Padded Archer Armor
35:59 Imperial Age
33:37 Crossbowman
36:32 Yeomen
36:50 Ballistics
36:51 Leather Archer Armor
44:20 Chemistry
46:21 Bracer
49:54 Conscription
51:37 Onager
52:41 Caravan
53:20 Town Watch
53:50 Hand Cart
54:17 Siege Engineers
58:16 Elite Longbowman
59:48 Arbalester
61:05 Ring Archer Armor
64:20 Hoardings
AoEE.dvdv
6:02 Loom
8:56 Feudal Age
9:51 Double-Bit Axe
10:29 Horse Collar
20:32 Castle Age
23:00 Husbandry
26:43 Bloodlines
28:16 Scale Barding Armor
29:10 Wheelbarrow
34:04 Bow Saw
33:58 Heavy Plow
36:17 Crossbowman
46:49 Gold Mining
46:50 Stone Mining
47:36 Thumb Ring
48:45 Stone Shaft Mining
51:53 Imperial Age
52:06 Cavalier
54:09 Crop Rotation
55:10 Light Cavalry
57:25 Winged Hussar
64:31 Fletching
64:41 Padded Archer Armor
Connection lost

Rejoining the realm…

Still unreachable

The connection could not be restored.

Session expired

The server has moved on; the page needs a fresh start.